 Dungeon Crawl Stone Soup version 0.26-a0-154-g3d63440f56 (webtiles) character file.

Game seed: 2425318139646214754

19107 Misa the Fighter (level 12, -2/123 HPs)
             Began as a Gargoyle Berserker on July 1, 2020.
             Was a High Priest of Trog.
             Killed by divine providence
             ... invoked by a meliai
              (10 damage)
             ... on level 10 of the Dungeon.
             The game lasted 00:56:00 (13889 turns).

Misa the Fighter (Gargoyle Berserker)              Turns: 13889, Time: 00:56:00

Health: -2/123     AC: 24    Str: 26    XL:     12   Next: 65%
Magic:  4/4        EV: 12    Int:  8    God:    Trog [*****.]
Gold:   789        SH:  0    Dex:  9    Spells: 11/11 levels left

rFire    . . .     SeeInvis +   U - +1 battleaxe (antimagic)
rCold    + . .     Faith    .   (shield currently unavailable)
rNeg     + . .     Spirit   .   A - +0 chain mail
rPois    ∞         Reflect  .   P - +0 helmet
rElec    +         Harm     .   J - +0 cloak
rCorr    .                      u - +0 pair of gloves
MR       .....                  (no boots)
Stlth    ..........             v - amulet of the acrobat
HPRegen  0.30/turn              E - ring of protection from cold
MPRegen  0.09/turn              t - ring of see invisible

@: berserking (expiring), very quick
A: negative energy resistance 1, electricity resistance, unbreathing,
petrification resistance, rot immunity, AC +8
a: Berserk, Trog's Hand, Brothers in Arms, Renounce Religion


You were on level 10 of the Dungeon.
You worshipped Trog.
Trog was extremely pleased with you.
You were hungry.

You visited 3 branches of the dungeon, and saw 16 of its levels.
You also visited: Ossuary.

You collected 789 gold pieces.

Inventory:

Hand Weapons
 f - a +5 vorpal broad axe
 M - a +1 vampiric hand axe
 U - a +1 antimagic battleaxe (weapon)
Armour
 k - a +0 hat of intelligence
 u - a +0 pair of gloves (worn)
 A - a +0 chain mail (worn)
 J - a +0 cloak (worn)
 N - the +5 robe of Night {Dark MR+ SInv}
   (You found it on level 7 of the Dungeon)

   It affects your resistance to hostile enchantments.
   It lets you see invisible.
 P - a +0 helmet (worn)
Jewellery
 o - an uncursed ring of flight
 t - a ring of see invisible (right hand)
 v - an amulet of the acrobat (around neck)
 E - a ring of protection from cold (left hand)
 L - a cursed amulet of inaccuracy {unknown}
 O - a cursed ring of attention {unknown}
 V - an uncursed amulet of faith
Wands
 i - a wand of polymorph (31)
 m - a wand of enslavement (22)
 s - a wand of flame (22)
 Q - a wand of disintegration (16)
 S - a wand of iceblast (27)
Scrolls
 b - 6 scrolls of remove curse
 d - 3 scrolls of blinking
 e - 4 scrolls of magic mapping
 l - a scroll of fog {unknown}
 n - a scroll of enchant armour {unknown}
 p - 2 scrolls of amnesia {unknown}
 y - 5 scrolls of immolation
 z - 5 scrolls of teleportation {unknown}
 B - 2 scrolls of noise
 G - 2 scrolls of fear {unknown}
 I - 3 scrolls of identify
 R - a scroll of vulnerability {unknown}
 T - 2 scrolls of enchant weapon {unknown}
Potions
 a - 2 potions of mutation {unknown}
 g - a potion of might {unknown}
 h - 5 potions of curing
 j - 6 potions of lignification {unknown}
 q - 3 potions of brilliance {unknown}
 r - 2 potions of cancellation {unknown}
 w - a potion of invisibility {unknown}
 x - 2 potions of haste {unknown}
 C - 11 potions of degeneration {unknown}
 D - a potion of resistance {unknown}
 F - a potion of stabbing {unknown}
 H - 2 potions of heal wounds {unknown}
 K - a potion of magic {unknown}
Comestibles
 c - 20 rations
 W - 2 chunks of flesh


   Skills:
 + Level 12.7 Fighting
 + Level 10.9 Axes
 + Level 10.0 Armour
 + Level 7.7 Dodging


You had 11 spell levels left.
You didn't know any spells.
Your spell library was empty.

Dungeon Overview and Level Annotations

Branches:
Dungeon (14/15)            Temple (1/1) D:6            Lair (1/6) D:9
    Orc (0/2) D:9         Ossuary (visited)
 Vaults: D:13-14

Altars:
Ashenzari
Cheibriados
Dithmenos
Elyvilon
Fedhas
Gozag
Hepliaklqana
Kikubaaqudgha
Makhleb
Nemelex Xobeh
Okawaru
Qazlal
Ru
Sif Muna
Trog
Uskayaw
Vehumet
Wu Jian
Xom
Yredelemnul
Zin
The Shining One

Shops:
D:2 *   D:10 :


Innate Abilities, Weirdness & Mutations

You are resistant to torment.
Your stone body is resilient. (AC +8)
You are immune to poison.
You resist negative energy. (rN+)
You are resistant to electric shocks. (rElec)
You can survive without breathing.
You are immune to petrification.
You are immune to rotting.


Message History

* * * LOW HITPOINT WARNING * * *
The meliai closely misses you.
Unknown command.
You barely miss the meliai. The meliai closely misses you.
The meliai stings you.
* * * LOW HITPOINT WARNING * * *
You hit the meliai.
The meliai is lightly wounded.
The meliai closely misses you.
The meliai stings you but does no damage.
You slice the meliai!!
The meliai is almost dead.
The meliai hits you but does no damage.
The meliai stings you but does no damage.
The meliai closely misses you. The meliai barely misses you.
You closely miss the meliai.
The meliai is almost dead.
The meliai calls down the wrath of its god upon you.
Something smites you!
You die...

#..# #...#
..# #..#
#...# ..#
#..# #...#
..# #..#
#...# #.#
#.|# #...#
#.#
#..#####....
#y#
#.[.........
#y#
#..######.##
#@# #..# #.#
#.#####..#
#.#
#........#
#.#
#........#
#.#
#........#
#.#
#........#
#.#
#........#
#.#
#........#
#.#
#........#
#.#


You could see 2 meliai.

Vanquished Creatures
  Harold (D:9)
  A catoblepas (D:13)
  2 two-headed ogres
  An unseen horror (D:11)
  3 cyclopes
  An ugly thing (D:11)
  A gargoyle (D:11)
  A spiny frog (Lair:1)
  A centaur skeleton (D:10)
  A kobold demonologist (D:12)
  A komodo dragon (D:9)
  3 trolls
  A meliai (D:10)
  5 slime creatures (D:12)
  2 dream sheep (D:11)
  A hornet (D:7)
  2 hippogriffs
  2 wyverns
  2 steam dragons
  9 yaks
  2 vampire mosquitoes (D:13)
  Duvessa (D:7)
  5 orc warriors
  4 ice beasts
  A necrophage (D:7)
  8 ogres
  2 phantoms
  4 centaurs
  5 big kobolds
  A gnoll sergeant (D:10)
  4 bullfrogs
  Dowan (D:7)
  5 scorpions
  5 killer bees (D:9)
  A wight (D:11)
  2 howler monkeys
  2 electric eels (D:8)
  A quasit (D:9)
  9 crimson imps
  A bullfrog zombie (D:12)
  2 centaur zombies
  5 jellies
  5 orc priests
  Crazy Yiuf (D:5)
  5 hounds
  18 orc wizards
  A bullfrog skeleton (D:5)
  A human zombie (Ossuary)
  Natasha (thrice) (D:2)
  3 iguanas
  8 worker ants
  A big kobold zombie (Ossuary)
  2 hound zombies (D:8)
  2 hound skeletons (D:9)
  4 mummies (Ossuary)
  2 worker ant zombies
  8 gnolls
  15 adders
  2 shadow imps
  An ooze (D:6)
  3 adder skeletons
  2 adder zombies
  A worm (D:9)
  2 dart slugs (D:1)
  3 leopard geckos
  64 orcs
  2 ball pythons
  11 bats
  5 giant cockroaches
  9 goblins
  8 hobgoblins
  16 jackals
  5 quokkas
  7 frilled lizards
  A gnoll zombie (Ossuary)
  A goblin zombie (D:4)
  A hobgoblin zombie (Ossuary)
  A jackal skeleton (D:9)
  14 kobolds
  2 kobold zombies (Ossuary)
  An orc zombie (Ossuary)
  8 rats
  A rat zombie (D:4)
  A plant (D:11)
363 creatures vanquished.

Vanquished Creatures (collateral kills)
  A hydra (D:11)
  A two-headed ogre (D:12)
  A tengu warrior (D:13)
  Urug (D:12)
  An ugly thing (D:12)
  A manticore (D:13)
  A kobold demonologist (D:12)
  A troll (D:12)
  A hippogriff (D:12)
  3 yaks (D:12)
  An orc warrior (D:12)
  A crocodile (D:12)
  An orc priest (D:13)
  2 worker ants (D:13)
  4 orcs
  A kobold (D:12)
22 creatures vanquished.

Vanquished Creatures (others)
  3 plants (D:9)
3 creatures vanquished.

Grand Total: 388 creatures vanquished

Notes
Turn   | Place    | Note
-------+----------+-------------------------------------------
     0 | D:1      | Misa the Gargoyle Berserker began the quest for the Orb.
     0 | D:1      | Reached XP level 1. HP: 14/14 MP: 1/1
   181 | D:1      | Reached XP level 2. HP: 19/19 MP: 2/2
   485 | D:1      | Reached XP level 3. HP: 23/24 MP: 3/3
   825 | D:1      | Reached ** piety under Trog
   911 | D:2      | Found Zin's Purification Station.
   920 | D:2      | Found a glowing silver altar of Zin.
   933 | D:2      | Reached skill level 4 in Fighting
  1172 | D:2      | Reached XP level 4. HP: 29/29 MP: 4/4
  1223 | D:2      | Noticed Natasha
  1238 | D:2      | Killed Natasha
  1543 | D:2      | Found a blossoming altar of Fedhas.
  1625 | D:2      | Reached XP level 5. HP: 34/34 MP: 5/5
  1642 | D:2      | Noticed Natasha
  1653 | D:2      | Killed Natasha
  1742 | D:2      | Noticed Natasha
  1750 | D:2      | Killed Natasha
  1750 | D:2      | Reached skill level 5 in Fighting
  2064 | D:3      | Found a shattered altar of Ashenzari.
  2155 | D:3      | Reached *** piety under Trog
  2175 | D:3      | Found a white marble altar of Elyvilon.
  2316 | D:3      | Reached XP level 6. HP: 13/40 MP: 6/6
  2567 | D:3      | Found a hide-covered altar of Uskayaw.
  3085 | D:3      | Found a glowing golden altar of the Shining One.
  3178 | D:4      | Reached skill level 5 in Axes
  3248 | D:4      | Reached skill level 6 in Fighting
  3377 | D:4      | Noticed a phantom
  3411 | D:4      | Reached XP level 7. HP: 34/46 MP: 7/7
  3573 | D:4      | Found a sand-covered staircase.
  3580 | Ossuary  | Entered an ossuary
  4200 | D:4      | Reached skill level 7 in Fighting
  4255 | D:4      | Found a hazy altar of Hepliaklqana.
  4419 | D:5      | Entered Level 5 of the Dungeon
  4617 | D:5      | Reached XP level 8. HP: 40/53 MP: 8/8
  4704 | D:5      | Reached **** piety under Trog
  4817 | D:5      | Found a runed translucent door.
  4820 | D:5      | Noticed Crazy Yiuf
  4824 | D:5      | Killed Crazy Yiuf
  5010 | D:5      | Reached skill level 8 in Fighting
  6054 | D:6      | Noticed a two-headed ogre
  6062 | D:6      | Killed a two-headed ogre
  6062 | D:6      | Reached skill level 9 in Fighting
  6062 | D:6      | Reached XP level 9. HP: 60/60 MP: 9/9
  6368 | D:6      | Found a staircase to the Ecumenical Temple.
  6373 | Temple   | Entered the Ecumenical Temple
  6835 | D:7      | Reached ***** piety under Trog
  6870 | D:7      | Found the +5 robe of Night {Dark MR+ SInv}
  7249 | D:7      | Noticed Duvessa
  7249 | D:7      | Noticed a hornet
  7249 | D:7      | Noticed Dowan
  7267 | D:7      | Killed a hornet
  7267 | D:7      | Reached skill level 5 in Armour
  7457 | D:8      | Reached skill level 10 in Fighting
  7533 | D:7      | Killed Dowan
  7533 | D:7      | Reached XP level 10. HP: 68/68 MP: 10/10
  7538 | D:7      | Killed Duvessa
  7934 | D:8      | Found an ornate altar of the Wu Jian Council.
  7990 | D:8      | Found an ancient bone altar of Kikubaaqudgha.
  8370 | D:8      | Noticed a two-headed ogre
  8381 | D:8      | Killed a two-headed ogre
  8557 | D:9      | Found a basalt altar of Yredelemnul.
  8558 | D:9      | Found a shadowy altar of Dithmenos.
  8560 | D:9      | Found a blossoming altar of Fedhas.
  8928 | D:9      | Found a staircase to the Orcish Mines.
  9016 | D:9      | Noticed Harold
  9019 | D:9      | Reached skill level 5 in Dodging
  9046 | D:9      | Killed Harold
  9449 | D:9      | Reached skill level 11 in Fighting
  9449 | D:9      | Reached XP level 11. HP: 45/74 MP: 11/11
  9623 | D:9      | Found a staircase to the Lair.
  9660 | D:9      | Found a sparkling altar of Nemelex Xobeh.
  9694 | D:9      | Noticed a moth of wrath
  9696 | D:9      | Found a bloodstained altar of Trog.
  9945 | Lair:1   | Entered Level 1 of the Lair of Beasts
 10138 | D:10     | Entered Level 10 of the Dungeon
 10186 | D:10     | Found Xyuleqex's Book Emporium.
 10205 | D:10     | Received a gift from Trog
 10644 | D:10     | You fall into a shaft and drop 3 floors!
 10644 | D:13     | Noticed a catoblepas
 10683 | D:13     | Killed a catoblepas
 10697 | D:13     | Noticed a tengu warrior
 10720 | D:13     | Killed a tengu warrior
 10983 | D:13     | Noticed a manticore
 10988 | D:13     | Killed a manticore
 11261 | D:12     | Reached skill level 10 in Axes
 11335 | D:12     | Noticed a cyclops
 11338 | D:12     | Noticed Urug
 11342 | D:12     | Killed a cyclops
 11349 | D:12     | Killed Urug
 11355 | D:12     | Noticed a two-headed ogre
 11356 | D:12     | Noticed a red ugly thing
 11359 | D:12     | Noticed a cyclops
 11362 | D:12     | Killed a two-headed ogre
 11364 | D:12     | Killed a red ugly thing
 11364 | D:12     | Received a gift from Trog
 11410 | D:12     | Reached skill level 12 in Fighting
 11414 | D:12     | Killed a cyclops
 11431 | D:12     | Reached XP level 12. HP: 79/81 MP: 4/12
 11597 | D:12     | Found a gate leading to a gauntlet.
 13031 | D:11     | Noticed a three-headed hydra
 13037 | D:11     | Killed a three-headed hydra
 13708 | D:10     | Reached skill level 10 in Armour
 13889 | D:10     | Killed from afar by a meliai

Illustrated notes

Levels and vault maps discovered:
D:1:      minmay_arrival_shattered_statue, layout_rooms, serial_bayou_lagoon_a
D:2:      minmay_inner_zag, layout_loops_corners, zin_purify, lemuel_tele_altar,
          uniq_natasha
D:3:      layout_basic, lemuel_coloured_pillars_altar, tso_altar,
          nicolae_ashenzari_panopticon, first_ration, elyvilon_altar_4
D:4:      layout_basic, nicolae_overflow_crystal_walls, enter_ossuary_4
D:5:      layout_cave_pods, uniq_crazy_yiuf_cottage
D:6:      layout_loops_ring, temple_doors_ab
D:7:      layout_basic, uniq_duvessa
D:8:      layout_basic, kennysheep_little_box, nicolae_overflow_hidden_temple
D:9:      layout_basic, lemuel_doored_altar, tgw_trog,
          chequers_temple_overflow_statue_of_worship, david_lair_shrubbed,
          uniq_harold
D:10:     layout_long_grid, special_room [special_room_orc], serial_shops, shop
D:11:     minmay_evil_eye, layout_loops_corners, hangedman_ranch
          [blue_anna_fruit_fields]
D:12:     layout_loops_cross, gauntlet_entry_generic, patterned_corridor,
          uniq_urug
D:13:     layout_basic, erik_vaults_1, minmay_strange_pillars, uniq_rupert
D:14:     layout_long_grid, portal_ice_cave_entry_pillars_2,
          chequers_serial_rivers_small_b, uniq_agnes, uniq_azrael, uniq_louise,
          uniq_jorgrun
Temple:   compressed_dpeg_circular_temple
Lair:1:   layout_roguey

Skill      XL: |  1  2  3  4  5  6  7  8  9 10 11 12 |
---------------+-------------------------------------+-----
Axes           | 3 4 5 6 7 8 9 10 | 10.9
Fighting       | 4 5 6 7 9 10 11 12 | 12.7
Armour         | 3 5 7 9 10 | 10.0
Dodging        | 2 3 5 6 7 |  7.7

Action                   |  1- 3 |  4- 6 |  7- 9 | 10-12 || total
-------------------------+-------+-------+-------+-------++-------
Melee: Hand axe          |   167 |   168 |   185 |   461 ||   981
       War axe           |       |    50 |   292 |       ||   342
       Broad axe         |       |       |       |   154 ||   154
       Battleaxe         |       |       |       |   235 ||   235
Invok: Berserk           |       |     1 |     4 |     6 ||    11
       Trog's Hand       |       |     1 |     1 |       ||     2
       Brothers in Arms  |       |       |       |     5 ||     5
  Use: Scroll            |       |       |     7 |       ||     7
 Stab: Petrified         |       |       |       |     1 ||     1
  Eat: Chunk             |     1 |     9 |    18 |    26 ||    54
       Ration            |       |       |       |     1 ||     1
Armor: Animal skin       |    17 |       |       |       ||    17
       Scale mail        |    86 |    63 |       |       ||   149
       Chain mail        |       |    62 |   270 |   517 ||   849
       Skin              |       |       |       |     3 ||     3
Dodge: Dodged            |   133 |   116 |   204 |   515 ||   968

Table legend:
 A = Non-vault XP
 B = Vault XP
 C = Vault XP percentage of total XP
 D = Non-vault monster count
 E = Vault monster count
 F = Vault count percentage of total count
                 A         B        C        D         E       F
            +---------+---------+-------+---------+---------+-------
      Total |   22097 |    5200 |  19.0 |     323 |      61 |  15.9
            +---------+---------+-------+---------+---------+-------
        D:1 |      53 |       0 |   0.0 |      29 |       0 |   0.0
        D:2 |     152 |      45 |  22.8 |      28 |       5 |  15.2
        D:3 |     162 |       0 |   0.0 |      17 |       0 |   0.0
        D:4 |     425 |       2 |   0.5 |      19 |       2 |   9.5
        D:5 |     847 |      40 |   4.5 |      21 |       1 |   4.5
        D:6 |    1328 |       0 |   0.0 |      26 |       0 |   0.0
        D:7 |    1110 |     211 |  16.0 |      15 |       2 |  11.8
        D:8 |    1996 |       0 |   0.0 |      40 |       0 |   0.0
        D:9 |    1515 |    1370 |  47.5 |      34 |       7 |  17.1
       D:10 |    1836 |     490 |  21.1 |      19 |      20 |  51.3
       D:11 |    3719 |    2296 |  38.2 |      19 |      11 |  36.7
       D:12 |    5545 |     560 |   9.2 |      38 |       1 |   2.6
       D:13 |    3012 |       0 |   0.0 |      17 |       0 |   0.0
     Lair:1 |     397 |       0 |   0.0 |       1 |       0 |   0.0
    Ossuary |       0 |     186 | 100.0 |       0 |      12 | 100.0
            +---------+---------+-------+---------+---------+-------
